 Dungeon Crawl Stone Soup version 0.27-a0-412-g8dd771eca2 (webtiles) character file.

Game seed: 9759311497753805496

9629 wakim the Nimble (level 11, 0/78 HPs)
             Began as an Octopode Transmuter on Feb 23, 2021.
             Was a Follower of Uskayaw.
             Slain by a wyvern skeleton (7 damage)
             ... on level 11 of the Dungeon.
             The game lasted 00:56:35 (18838 turns).

wakim the Nimble (Octopode Transmuter)             Turns: 18838, Time: 00:56:35

Health: 0/78       AC:  2    Str: 10    XL:     11   Next: 49%
Magic:  18/18      EV: 18    Int: 24    God:    Uskayaw [*.....]
Gold:   542        SH:  0    Dex: 13    Spells: 13/20 levels left

rFire    . . .     SeeInvis .   r - +7 quarterstaff "Dragon's Doom" {venom, rPois rN+ Int+6}
rCold    . . .     Faith    .   (shield currently unavailable)
rNeg     + . .     Spirit   .   l - +1 hat
rPois    +         Reflect  .   v - amulet of the acrobat
rElec    .         Harm     .   (no ring)
rCorr    .         Rampage  .   (no ring)
Will     .....                  (no ring)
Stlth    ++++......             (no ring)
HPRegen  0.23/turn              (no ring)
MPRegen  0.16/turn              (no ring)
                                (no ring)
                                (no ring)

@: no status effects
A: almost no armour, stealthy swim, amphibious, 8 rings, constrict 8, camouflage
1, gelatinous body 1
a: Renounce Religion, Stomp


You were on level 11 of the Dungeon.
You worshipped Uskayaw.
Uskayaw was noncommittal.
You visited 3 branches of the dungeon, and saw 13 of its levels.

You collected 567 gold pieces.
You spent 25 gold pieces at shops.

Inventory:

Hand Weapons
 r - the +7 quarterstaff "Dragon's Doom" (weapon) {venom, rPois rN+ Int+6}
   (You found it on level 8 of the Dungeon)

   It poisons the flesh of those it strikes.
   It affects your intelligence (+6).
   It protects you from poison.
   It protects you from negative energy.
Missiles
 x - 43 poisoned darts (quivered)
 A - 2 throwing nets
Armour
 g - a +0 kite shield
 l - a +1 hat (worn)
 C - a +0 buckler
Jewellery
 v - an amulet of the acrobat (around mantle)
Wands
 k - a wand of flame (16)
 o - a wand of iceblast (19)
 t - a wand of mindburst (18)
Scrolls
 a - 3 scrolls of teleportation
 b - a scroll of summoning
 d - a scroll of amnesia
 e - 2 scrolls of identify
 f - a scroll of magic mapping {unknown}
 p - a scroll of blinking
 s - a scroll of fog
 y - a scroll of enchant weapon
Potions
 c - a potion of curing
 h - 2 potions of resistance
 i - 2 potions of magic
 j - 4 potions of brilliance
 m - a potion of degeneration {unknown}
 n - 3 potions of haste
 q - 2 potions of cancellation
 u - a potion of ambrosia {unknown}


   Skills:
 + Level 8.6 Fighting
 * Level 9.3 Dodging
 - Level 6.0 Stealth
 + Level 2.9 Shields
 + Level 7.3 Unarmed Combat
 - Level 5.0 Spellcasting
 + Level 8.2 Transmutations


You had 13 spell levels left.
You knew the following spells:

 Your Spells              Type           Power        Failure   Level
b - Spider Form           Tmut/Pois      12%          4%          3
c - Ice Form              Ice/Tmut       25%          16%         4

Your spell library contained the following spells:

 Spells                   Type           Power        Failure   Level
 Beastly Appendage        Tmut           90%          1%          1
 Wereblood                Tmut           45%          1%          2
 Animate Skeleton         Necr           12%          9%          1
 Corona                   Hex            6%           9%          1
 Pain                     Necr           24%          9%          1
 Blade Hands              Tmut           22%          9%          5
 Slow                     Hex            6%           13%         2
 Inner Flame              Hex/Fire       6%           26%         3
 Portal Projectile        Hex/Tloc       12%          26%         3
 Vampiric Draining        Necr           3%           26%         3
 Animate Dead             Necr           3%           65%         4
 Cause Fear               Hex            3%           65%         4
 Leda's Liquefaction      Hex/Erth       3%           65%         4
 Agony                    Necr           6%           94%         5


Dungeon Overview and Level Annotations

Branches:
Dungeon (11/15)            Temple (1/1) D:5            Lair (1/6) D:10
    Orc (0/2) D:9

Altars:
Ashenzari
Cheibriados
Dithmenos
Elyvilon
Fedhas
Gozag
Hepliaklqana
Kikubaaqudgha
Makhleb
Nemelex Xobeh
Okawaru
Qazlal
Ru
Sif Muna
Trog
Uskayaw
Vehumet
Wu Jian
Xom
Yredelemnul
Zin
The Shining One

Shops:
D:11 *

Annotations:
D:9 1 transporter
D:10 Snorg
Lair:1 exclusion: oklob plant


Innate Abilities, Weirdness & Mutations

You cannot wear most types of armour.
You are very stealthy in the water. (Stealth+)
You are amphibious.
You can wear up to eight rings at the same time.
You can use your tentacles to constrict eight enemies at once.
Your skin changes colour to match your surroundings (Stealth+).
Your rubbery body absorbs attacks. (AC +1, EV +1)


Message History

The orc warrior completely misses you. The killer bee closely misses you.
The killer bee barely misses you. The killer bee misses you.
The killer bee stings you!
* * * LOW HITPOINT WARNING * * *
The orc warrior misses you.
You closely miss the killer bee. Your grab misses the killer bee.
You squeeze the killer bee.
The killer bee is lightly wounded.
The killer bee completely misses you. x2; The orc warrior barely misses you.
You completely miss the killer bee. Your grab misses the killer bee.
The killer bee is lightly wounded.
The killer bee stings you.
* * * LOW HITPOINT WARNING * * *
The killer bee barely misses you. The killer bee misses you.
The orc warrior barely misses you.
You sock the killer bee!
The killer bee is poisoned.
Your grab misses the killer bee. Your squeeze misses the killer bee.
The killer bee is severely wounded.
The killer bee misses you. The killer bee stings you.
* * * LOW HITPOINT WARNING * * *
The orc warrior barely misses you.
You barely miss the killer bee. Your grab misses the killer bee.
The killer bee is severely wounded.
You kill the killer bee!
The orc warrior hits you from afar with a +0 glaive!!
* * * LOW HITPOINT WARNING * * *
You can no longer pass through a line of other dancers.
Okay, then.
You see here 21 bolts.
A wyvern skeleton comes into view.
You see here a +0 club.
Things that are here:
a +0 robe; a +0 dagger The wyvern skeleton completely misses you.
You sock the wyvern skeleton!
The wyvern skeleton is moderately damaged.
The wyvern skeleton completely misses you.
The wyvern skeleton bites you!
You die...

..#######..#
C..........############
..).......∩..<........#
...#######........[...#
#.##########.# #.# #.#
#..# #)# #.# #..# #Z#
#.# #..# #@# #.# #..#
#[# #.# #..# #o# #.#
#..# #.# #.# #..# #.#
#.# #..# #.# #.# #.†#
#.# #.# #..# #.# #.#
#..# #.# #.#


You could see an orc warrior and a wyvern skeleton.

Vanquished Creatures
  Urug (D:10)
  2 cane toads (Lair:1)
  A komodo dragon (Lair:1)
  A troll (D:9)
  A hornet (D:10)
  Grinder (D:4)
  Sigmund (D:3)
  14 yaks
  A fire bat (D:9)
  4 orc warriors
  A hornet zombie (D:10)
  An ice beast (D:6)
  A sky beast (D:7)
  A black bear (D:9)
  3 wolves (Lair:1)
  6 ogres
  5 centaurs
  3 phantoms
  A kobold brigand (D:7)
  2 gnoll sergeants
  4 bullfrogs
  2 scorpions
  23 killer bees
  4 wights (D:9)
  4 howler monkeys
  2 hounds
  2 bullfrog skeletons
  2 centaur skeletons
  9 orc priests
  3 iguanas
  7 orc wizards
  8 worker ants
  A hound zombie (D:9)
  12 gnolls
  A howler monkey skeleton (D:11)
  12 adders
  2 white imps (D:9)
  3 ufetubi
  An ooze (D:1)
  2 worms
  An adder skeleton (D:10)
  5 dart slugs (D:1)
  4 leopard geckos
  36 orcs
  10 bats
  7 giant cockroaches
  9 goblins
  9 hobgoblins
  3 quokkas
  3 frilled lizards
  A jackal skeleton (D:6)
  16 kobolds
  A leopard gecko skeleton (D:7)
  A quokka skeleton (D:4)
  11 rats
272 creatures vanquished.

Vanquished Creatures (others)
  4 fungi (Lair:1)
  28 plants (Lair:1)
32 creatures vanquished.

Grand Total: 304 creatures vanquished

Notes
Turn   | Place    | Note
-------+----------+-------------------------------------------
     0 | D:1      | wakim the Octopode Transmuter began the quest for the Orb.
     0 | D:1      | Reached XP level 1. HP: 13/13 MP: 3/3
   578 | D:1      | Reached XP level 2. HP: 18/18 MP: 3/5
   862 | D:1      | Reached XP level 3. HP: 10/23 MP: 6/6
   873 | D:1      | Reached skill level 1 in Stealth
  1564 | D:2      | Learned a level 3 spell: Spider Form
  2097 | D:2      | Reached XP level 4. HP: 27/28 MP: 5/7
  2862 | D:2      | Reached XP level 5. HP: 13/34 MP: 4/8
  3239 | D:3      | Noticed Sigmund
  3986 | D:3      | Found a glowing silver altar of Zin.
  4139 | D:3      | Reached XP level 6. HP: 29/41 MP: 5/9
  4297 | D:3      | Found a hazy altar of Hepliaklqana.
  4677 | D:4      | Noticed Grinder
  4702 | D:4      | Reached skill level 3 in Dodging
  4702 | D:4      | Reached XP level 7. HP: 38/46 MP: 7/11
  4961 | D:4      | Found a glowing golden altar of the Shining One.
  5240 | D:5      | Entered Level 5 of the Dungeon
  5821 | D:5      | Found a staircase to the Ecumenical Temple.
  5831 | Temple   | Entered the Ecumenical Temple
  5845 | Temple   | Became a worshipper of Uskayaw the Reveller
  6332 | D:5      | Found a burning altar of Makhleb.
  6678 | D:6      | Found a shimmering altar of Xom.
  6680 | D:6      | Found a radiant altar of Vehumet.
  6695 | D:6      | Reached * piety under Uskayaw
  6776 | D:6      | Reached ** piety under Uskayaw
  7172 | D:6      | Reached skill level 5 in Unarmed Combat
  7338 | D:6      | Found a basalt altar of Yredelemnul.
  7624 | D:6      | Learned a level 4 spell: Ice Form
  7679 | D:7      | Reached XP level 8. HP: 31/54 MP: 8/12
  7887 | D:7      | Reached *** piety under Uskayaw
  8011 | D:7      | Reached skill level 5 in Transmutations
  8185 | D:7      | Found a broken altar of Ashenzari.
  8206 | D:7      | Found a snail-covered altar of Cheibriados.
  8660 | D:7      | Found a white marble altar of Elyvilon.
  9060 | D:8      | Got an ebony quarterstaff
  9078 | D:7      | Identified the +7 quarterstaff "Dragon's Doom" {venom,
                  | rPois rN+ Int+6} (You found it on level 8 of the Dungeon)
  9145 | D:8      | Found a broken altar of Ashenzari.
  9386 | D:8      | Reached skill level 4 in Dodging
  9504 | D:8      | Found a bloodstained altar of Trog.
  9649 | D:8      | Reached skill level 5 in Fighting
  9649 | D:8      | Reached skill level 5 in Stealth
  9649 | D:8      | Reached XP level 9. HP: 57/61 MP: 11/14
 10277 | D:8      | Found an iron altar of Okawaru.
 10838 | D:9      | Found a staircase to the Orcish Mines.
 10838 | D:9      | Noticed a troll
 10874 | D:8      | Reached skill level 5 in Dodging
 11288 | D:3      | Killed Sigmund
 11502 | D:4      | Killed Grinder
 11710 | D:9      | Found an ancient bone altar of Kikubaaqudgha.
 11962 | D:9      | Reached **** piety under Uskayaw
 11970 | D:9      | Reached skill level 6 in Dodging
 11971 | D:9      | Reached ***** piety under Uskayaw
 12505 | D:9      | Reached XP level 10. HP: 38/69 MP: 17/17
 13171 | D:9      | Reached skill level 5 in Spellcasting
 13385 | D:9      | Found a transporter.
 13733 | D:9      | Found a transporter.
 13812 | D:9      | Reached skill level 7 in Dodging
 14135 | D:10     | Entered Level 10 of the Dungeon
 15466 | D:10     | Reached skill level 8 in Dodging
 15471 | D:10     | Found a staircase to the Lair.
 15694 | D:10     | Noticed Snorg
 15817 | D:10     | Reached skill level 1 in Shields
 15820 | D:10     | Reached XP level 11. HP: 50/77 MP: 18/18
 16306 | D:10     | Noticed Urug
 16334 | D:10     | Killed Urug
 17019 | Lair:1   | Entered Level 1 of the Lair of Beasts
 17349 | Lair:1   | Found a shadowy altar of Dithmenos.
 17349 | Lair:1   | Noticed an oklob plant
 17459 | Lair:1   | Reached skill level 9 in Dodging
 18314 | D:11     | Found Xuqehesi's Assorted Antiques.
 18431 | D:11     | Bought a scroll labelled XUWODO ROSULIH for 25 gold pieces
 18560 | D:11     | Noticed a cyclops
 18816 | D:11     | HP: 1/78 [orc warrior/+0 glaive (21)]
 18838 | D:11     | Slain by a wyvern skeleton

Illustrated notes

Levels and vault maps discovered:
D:1:      dpeg_arrival_erosion, layout_basic, hex_large,
          chequers_serial_rivers_room_b, kennysheep_nondescript,
          roderic_roman_lattice, chequers_serial_rivers_large_b
D:2:      layout_basic, solitary_fountain
D:3:      layout_basic, overflow_temple_1_default, lemuel_crystal_altar,
          uniq_sigmund
D:4:      layout_cave_pools, lemuel_doored_altar, uniq_grinder
D:5:      layout_basic, lemuel_round_altar, minmay_temple_entry_glass
D:6:      layout_cave_pools, lemuel_coloured_pillars_altar,
          chequers_temple_overflow_statue_of_worship, patterned_corridor
D:7:      layout_gridville, lemuel_crystal_altar,
          nicolae_overflow_crystal_walls, elyvilon_altar_3
D:8:      layout_cave_pods, marbit_many_paths, general_overflow_altar,
          basic_altar
D:9:      gammafunk_cloud_chamber, layout_rooms, lemuel_crystal_altar,
          orc_0_dummy, nicolae_water_bricks
D:10:     layout_roguey, lair_entry_dummy, uniq_snorg, uniq_urug
D:11:     layout_long_grid, serial_shops, shop
Temple:   jpeg_temple_island
Lair:1:   layout_cave_pods, lemuel_oklob_altar, serial_bayou_shore_a

Skill      XL: |  1  2  3  4  5  6  7  8  9 10 11 |
---------------+----------------------------------+-----
Stealth        | 1 2 3 5 6 |  6.0
Transmutations | 3 4 5 6 7 8 |  8.2
Fighting       | 2 3 5 6 8 |  8.6
Unarmed Combat | 4 5 6 7 |  7.3
Dodging        | 3 4 6 8 9 |  9.3
Spellcasting   | 3 4 5 |  5.0
Shields        | 1 2 |  2.9

Action                   |  1- 3 |  4- 6 |  7- 9 | 10-12 || total
-------------------------+-------+-------+-------+-------++-------
Melee: Unarmed           |    83 |   112 |   215 |   184 ||   594
       Constrict         |    26 |    20 |    25 |    25 ||    96
       Kick              |    16 |    20 |    13 |       ||    49
       Tentacles         |    16 |    10 |    20 |    19 ||    65
       Punch             |     1 |     2 |     6 |     5 ||    14
       Quarterstaff      |       |       |    64 |   125 ||   189
 Fire: Hunting sling     |       |       |    18 |       ||    18
Throw: Dart              |       |       |    24 |    36 ||    60
 Cast: Beastly Appendage |    16 |    12 |     9 |       ||    37
       Spider Form       |       |     8 |    23 |    13 ||    44
       Ice Form          |       |       |       |     5 ||     5
  Use: Scroll            |       |       |     5 |    12 ||    17
       Potion            |       |       |     1 |     1 ||     2
 Stab: Sleeping          |     2 |       |     8 |     6 ||    16
       Paralysed         |       |       |     8 |     9 ||    17
Armor: Skin              |     7 |     4 |    10 |    16 ||    37
Dodge: Dodged            |    43 |    69 |   223 |   321 ||   656

Table legend: (Time is in decaauts)
 A = Elapsed time spent in this place.
 B = Non-inter-level travel time spent in this place.
 C = Inter-level travel time spent in this place.
 D = Time resting spent in this place.
 E = Time spent auto-exploring this place.
 F = Levels seen in this place.
 G = Mean time per level.
                   A        B        C        D        E       F      G
               +--------+--------+--------+--------+--------+-----+--------+
         Total |  18852 |  17792 |   1060 |   8652 |   5617 |  13 | 1450.2 |
       Dungeon |  17649 |  16618 |   1031 |   8090 |   5140 |  11 | 1604.5 |
        Temple |    452 |    434 |     18 |      0 |    419 |   1 |  452.0 |
          Lair |    749 |    738 |     11 |    562 |     58 |   1 |  749.0 |
               +--------+--------+--------+--------+--------+-----+--------+

Top non-repeatable levels by time:
     D:9: 3457 daAuts
    D:10: 2388 daAuts
     D:8: 2016 daAuts
     D:2: 1921 daAuts
     D:1: 1760 daAuts
     D:7: 1619 daAuts
     D:3: 1359 daAuts
     D:6: 1033 daAuts
     D:5: 816 daAuts
     D:4: 799 daAuts
  Lair:1: 749 daAuts
    D:11: 477 daAuts
  Temple: 452 daAuts
